Map: [ESL] Berlingrad

Players

Solar

  • Race: Zerg Zerg

Spirit - Winner!

  • Race: Terran Terran

Event: IEM Katowice 2022

VOD

Have the link to the VOD?

Description

Time

  • Played on: Feb. 24, 2022, 5:55 a.m.
  • Length: 9:15

All games in this series

Show
View Real Time Build Order
Export as new Build Order

Solar Zerg 

Build Orders: Hatch First 

Get SALT Encoding   

  12  0:00  Drone  
  13  0:12  Overlord  
  13  0:17  Drone  
  14  0:31  Drone x2  
  16  0:48  Hatchery  
  15  0:51  Drone  
  15  0:56  Drone  
  17  0:58  Drone  
  18  1:10  Extractor  
  17  1:14  Spawning Pool  
  17  1:16  Drone  
  17  1:20  Drone  
  18  1:29  Drone  
  19  1:40  Drone  
  20  1:53  Drone  
  21  2:00  Queen x2  
  27  2:01  Zergling x4  
  27  2:12  Drone, Overlord  
  27  2:14  Metabolic Boost  
  28  2:28  Hatchery  
  27  2:31  Drone  
  27  2:33  Drone  
  29  2:41  Queen  
  29  2:43  Drone  
  32  2:47  Overlord  
  32  2:51  Drone  
  32  2:52  Drone  
  32  2:55  Drone  
  32  2:56  Drone  
  36  3:08  Drone x2  
  36  3:09  Drone  
  36  3:10  Drone x2  
  41  3:14  Queen  
  41  3:18  Overlord  
  41  3:19  Drone  
  43  3:34  Overlord  
  43  3:37  Drone  
  43  3:38  Drone  
  43  3:39  Drone  
  43  3:41  Queen  
  46  3:42  Drone x4  
  52  3:48  Drone  
  52  3:49  Drone  
  52  3:50  Queen  
  52  3:52  Drone x2  
  52  3:53  Drone  
  59  3:56  Overlord  
  59  4:01  Zergling x2  
  59  4:02  Zergling x4  
  62  4:06  Extractor  
  61  4:12  Drone x3  
  64  4:19  Queen  
  64  4:21  Lair  
  64  4:22  Drone x3  
  64  4:23  Overlord x2  
  69  4:25  Drone  
  69  4:26  Drone  
  69  4:27  Drone  
  69  4:29  Drone  
  73  4:32  Overlord  
  73  4:37  Overlord, Baneling Nest  
  72  4:40  Drone  
  72  4:42  Drone x3  
  76  4:47  Drone  
  76  4:50  Extractor  
  76  4:51  Extractor  
  76  4:52  Drone x2  
  77  4:53  Drone  
  77  4:55  Drone  
  77  4:56  Hatchery  
  77  4:58  Spore Crawler, Drone  
  78  5:03  Evolution Chamber  
  78  5:04  Drone, Evolution Chamber  
  78  5:05  Spore Crawler, Drone  
  77  5:07  Spore Crawler  
  77  5:10  Drone  
  77  5:11  Drone x2  
  77  5:12  Zergling x2  
  77  5:13  Drone  
  77  5:14  Drone  
  82  5:15  Drone  
  82  5:19  Zergling x4  
  82  5:20  Overseer  
  85  5:23  Drone  
  85  5:24  Extractor  
  85  5:26  Overlord  
  85  5:27  Centrifugal Hooks  
  85  5:29  Drone  
  85  5:30  Drone  
  85  5:32  Drone  
  85  5:33  Drone  
  89  5:36  Drone x2  
  89  5:38  Drone x3  
  89  5:39  Drone  
  95  5:43  Zerg Melee Weapons Level 1  
  95  5:45  Zerg Ground Armor Level 1  
  95  5:48  Drone  
  95  5:49  Zergling x6  
  99  5:53  Overlord  
  99  5:56  Drone, Zergling x2  
  101  6:01  Baneling x4, Extractor  
  101  6:02  Zergling x6  
  101  6:04  Overlord  
  103  6:06  Zergling x2  
  98  6:11  Drone x2  
  98  6:12  Queen  
  98  6:15  Pneumatized Carapace  
  98  6:16  Drone x5  
  106  6:21  Spore Crawler  
  106  6:23  Zergling x4  
  106  6:24  Zergling x6  
  109  6:27  Drone  
  109  6:29  Drone  
  109  6:30  Drone  
  109  6:32  Baneling x5  
  111  6:33  Drone  
  111  6:35  Drone x2  
  111  6:38  Hydralisk Den, Zergling x4  
  114  6:48  Drone x3  
  114  6:49  Drone x3  
  114  6:53  Zergling x6  
  122  6:54  Baneling x2  
  122  6:58  Baneling x2  
  123  7:01  Zergling x8  
  126  7:08  Zergling x2  
  126  7:10  Overlord  
  126  7:11  Overlord  
  126  7:12  Overlord x2  
  126  7:14  Hatchery, Overlord  
  127  7:15  Drone  
  127  7:19  Grooved Spines  
  127  7:21  Drone  
  128  7:23  Baneling  
  128  7:24  Baneling x5  
  128  7:25  Overlord  
  128  7:29  Zergling x10  
  135  7:30  Zergling x10  
  135  7:33  Zergling x2  
  135  7:35  Baneling x2  
  137  7:41  Zergling x12  
  137  7:45  Zergling x2  
  137  7:48  Drone  
  137  7:50  Zergling x2  
  137  7:51  Zergling x6  
  143  7:52  Infestation Pit  
  143  7:54  Overseer  
  143  7:55  Drone x4  
  143  7:57  Baneling x5  
  146  7:58  Overlord  
  146  7:59  Zergling x2  
  146  8:02  Burrow  
  146  8:04  Drone  
  148  8:06  Zergling x2  
  148  8:07  Hatchery  
  148  8:08  Zergling x6  
  148  8:11  Zergling x2  
  148  8:12  Zergling x2  
  153  8:15  Baneling x10  
  150  8:23  Zergling x12  
  150  8:26  Zergling x10  
  155  8:34  Zergling x4  
  140  8:40  Zergling x18  
  127  8:47  Baneling x2  
  124  8:50  Baneling, Zergling x6  
  124  8:51  Baneling x3  
  124  8:53  Zergling x2  
  124  8:55  Zergling x2  
Show
View Real Time Build Order
Export as new Build Order

Spirit Terran - Winner!

Build Orders: Command Center First (CC), Hellion Banshee 

Get SALT Encoding   

  12  0:00  SCV  
  13  0:12  SCV  
  14  0:17  Supply Depot  
  14  0:24  SCV  
  15  0:39  SCV  
  16  0:51  SCV  
  17  0:59  Command Center  
  17  1:03  SCV  
  18  1:13  Barracks  
  18  1:16  SCV  
  19  1:22  Refinery  
  19  1:28  SCV  
  19  1:30  Refinery  
  20  1:40  SCV  
  21  1:53  SCV  
  22  2:01  Reaper  
  23  2:05  Orbital Command  
  23  2:11  Orbital Command  
  23  2:21  Factory  
  23  2:30  SCV  
  23  2:33  Barracks Reactor  
  24  2:38  SCV  
  24  2:43  SCV  
  26  2:48  Command Center  
  26  2:50  SCV  
  27  2:55  SCV  
  28  3:02  SCV  
  29  3:06  Starport  
  29  3:07  SCV  
  29  3:10  Supply Depot  
  30  3:14  SCV  
  30  3:17  Hellion x2  
  35  3:20  Barracks Tech Lab  
  35  3:24  SCV  
  35  3:26  SCV  
  37  3:36  SCV  
  37  3:38  SCV  
  37  3:39  Hellion x2  
  44  3:48  SCV  
  44  3:51  SCV, Barracks Tech Lab  
  45  3:59  Cloaking Field  
  45  4:00  Supply Depot, SCV  
  46  4:05  Banshee  
  46  4:06  SCV, Hellion x2  
  46  4:07  Orbital Command  
  54  4:10  Marine  
  54  4:12  SCV  
  56  4:18  SCV, Stimpack  
  57  4:24  SCV  
  57  4:25  Supply Depot  
  57  4:27  Hellion x2  
  57  4:30  SCV  
  63  4:32  SCV  
  63  4:36  SCV  
  65  4:42  SCV  
  65  4:44  SCV, Refinery x2  
  67  4:46  Barracks  
  67  4:47  Barracks  
  67  4:48  Supply Depot  
  67  4:49  SCV  
  67  4:50  Banshee  
  71  4:54  SCV  
  71  4:59  Factory Reactor  
  73  5:01  Barracks  
  72  5:08  Barracks, Engineering Bay x2, Orbital Command  
  72  5:09  Marine  
  72  5:13  SCV x2  
  75  5:19  Supply Depot  
  75  5:25  SCV x2  
  75  5:27  Marine  
  78  5:33  Bunker  
  78  5:36  Terran Infantry Weapons Level 1, Terran Infantry Armor Level 1  
  78  5:37  SCV x3  
  81  5:42  Supply Depot  
  81  5:43  Barracks Reactor x2, Starport Reactor  
  81  5:44  Siege Tank  
  81  5:49  SCV x3, Marine  
  88  6:00  Marine, Combat Shield  
  88  6:01  SCV x2, Marine  
  92  6:04  Supply Depot, SCV  
  92  6:05  Supply Depot  
  93  6:13  SCV, Marine  
  93  6:14  SCV  
  93  6:15  Marine  
  93  6:17  Marine  
  98  6:18  Siege Tank  
  98  6:25  SCV x2, Marine x2  
  101  6:26  Supply Depot  
  101  6:28  Supply Depot, Marine x2  
  101  6:29  Marine  
  101  6:30  Refinery, Armory, Medivac x2  
  101  6:31  Marine  
  113  6:32  Marine  
  113  6:33  Marine  
  113  6:35  Marine  
  116  6:40  SCV  
  116  6:43  Marine  
  117  6:47  Marine x4  
  117  6:48  Marine  
  117  6:50  Siege Tank  
  117  6:51  Marine x2  
  117  6:53  Marine  
  125  6:55  Supply Depot  
  125  6:56  Supply Depot  
  125  7:01  Marine  
  125  7:02  SCV x2  
  125  7:03  SCV  
  125  7:04  Supply Depot  
  125  7:05  Marine x4  
  125  7:07  Supply Depot  
  133  7:16  SCV x2, Marine x3, Medivac  
  133  7:18  Marine  
  133  7:19  Marine  
  143  7:23  Marine x3, Siege Tank  
  143  7:29  Marine  
  149  7:30  Sensor Tower  
  149  7:34  Marine  
  150  7:38  Marine  
  146  7:45  Bunker  
  146  7:48  Marine x3  
  146  7:51  Medivac x2  
  153  7:52  Marine x4  
  157  7:58  Supply Depot, Command Center  
  157  8:01  Marine x2  
  157  8:02  Supply Depot  
  159  8:06  Marine x3  
  159  8:10  Siege Tank  
  165  8:17  Marine x4  
  165  8:19  Marine x2  
  165  8:24  Marine  
  165  8:25  Marine  
  166  8:31  Marine  
  156  8:35  Marine x4  
  156  8:37  Marine  
  138  8:41  Marine  
  138  8:42  Marine x2, Siege Tank  
  138  8:44  Medivac x2  
  146  8:49  Marine  
  146  8:53  Marine x4  
  146  8:55  Marine  

Tags
 
Add a new tag
Caveats
  • Supply blocks, unpowered buildings, or Contaminate may cause inaccurate times.
  • Supply counts are checked every 10 seconds.